 Dungeon Crawl Stone Soup version 0.28-a0-932-g843f935a50 (webtiles) character file.

Game seed: 16352112903406077593

2123 GenialerGandalf the Poker (level 9, -21/63 HPs)
             Began as an Octopode Fighter on Nov 27, 2021.
             Killed from afar by a steam dragon (27 damage)
             ... with a ball of steam
             ... on level 6 of the Dungeon.
             The game lasted 00:17:58 (9766 turns).

GenialerGandalf the Poker (Octopode Fighter)        Turns: 9766, Time: 00:17:59

Health: -21/63     AC:  1    Str: 16    XL:     9   Next: 29%
Magic:  9/9        EV: 31    Int: 13    God:
Gold:   376        SH:  6    Dex: 17    Spells: 8/8 levels left

rFire   x . .      SeeInvis .   a - +0 trident
rCold   + . .      Faith    .   b - +1 buckler
rNeg    . . .      Spirit   .   (helmet restricted)
rPois   .          Reflect  .   g - amulet of the acrobat
rElec   .          Harm     .   f - ring of ice
rCorr   .          Rampage  .   r - +6 ring of dexterity
Will    .....                   (no ring)
Stlth   ++++......              (no ring)
HPRegen 0.20/turn               (no ring)
MPRegen 0.11/turn               (no ring)
                                (no ring)
                                (no ring)

@: acrobatic
A: almost no armour, amphibious, 8 rings, camouflage 1, gelatinous body 1,
(nimble swimmer 1), tentacles
a: no special abilities


You were on level 6 of the Dungeon.
You visited 2 branches of the dungeon, and saw 7 of its levels.

You collected 376 gold pieces.

Inventory:

Hand Weapons
 a - a +0 trident (weapon)
Armour
 b - a +1 buckler (worn)
Jewellery
 f - a ring of ice (left tentacle)
 g - an amulet of the acrobat (around mantle)
 r - a +6 ring of dexterity (right tentacle)
Wands
 i - a wand of paralysis (3)
 j - a wand of iceblast (6)
 k - a wand of polymorph (7)
 n - a wand of flame (23)
Scrolls
 c - a scroll of silence
 o - a scroll of amnesia
 p - a scroll of immolation {unknown}
Potions
 d - 4 potions of brilliance
 e - 3 potions of attraction
 h - a potion of cancellation
 l - 2 potions of degeneration {unknown}
 m - 2 potions of curing {unknown}
 q - a potion of berserk rage {unknown}


   Skills:
 * Level 6.9 Fighting
 + Level 7.3 Polearms
 * Level 6.1 Dodging
 - Level 6.0 Stealth
 - Level 4.0 Shields


You had 8 spell levels left.
You didn't know any spells.
Your spell library contained the following spells:

 Spells                   Type           Power      Damage    Failure   Level
 Beastly Appendage        Tmut           0%         N/A       30%         1
 Wereblood                Tmut           0%         N/A       43%         2
 Gell's Gravitas          Tloc           0%         N/A       67%         3
 Lesser Beckoning         Tloc           0%         N/A       67%         3
 Spider Form              Tmut/Pois      0%         N/A       67%         3
 Teleport Other           Tloc           0%         N/A       67%         3
 Iskenderun's Battlesphe  Conj           0%         2d6       100%        5
 Summon Forest            Summ/Tloc      0%         N/A       100%        5
 Summon Mana Viper        Hex/Summ       0%         N/A       100%        5
 Iron Shot                Conj/Erth      0%         9d1       100%        6
 Summon Cactus Giant      Summ           0%         N/A       100%        6
 Spellforged Servitor     Conj/Summ      0%         N/A       100%        7


Dungeon Overview and Level Annotations

Branches:
Dungeon (6/15)             Temple (1/1) D:5

Altars:
Ashenzari
Dithmenos
Elyvilon
Fedhas
Hepliaklqana
Kikubaaqudgha
Makhleb
Nemelex Xobeh
Qazlal
Ru
Sif Muna
Trog
Uskayaw
Vehumet
Wu Jian
Xom
Yredelemnul
Zin
The Shining One


Innate Abilities, Weirdness & Mutations

You cannot wear most types of armour.
You are amphibious.
You can wear up to eight rings at the same time.
Your skin changes colour to match your surroundings (Stealth+).
Your rubbery body absorbs attacks. (AC +1, EV +1)
((You are camouflaged near water. (Stealth+)))
You have tentacles for arms and can constrict up to eight enemies at once.


Message History

You block the orc warrior's attack.
Reach: a) +0 trident
Press: ? - help, Dir - move target, f/p - orc warrior
Aim: an orc warrior, wielding a +0 trident and wearing a +0 plate armour (heavily wounded, about 35% to evade your +0 trident)
You reach to attack!
You closely miss the orc warrior.
The orc warrior is heavily wounded.
The orc warrior hits you from afar with a +0 trident!
* * * LOW HITPOINT WARNING * * *
The orc warrior closely misses you. A mysterious force pulls you upwards.
The hatch slams shut behind you.
You start resting.
HP restored.
Things that are here:
a +0 robe; a +0 whip
There is a stone staircase leading down, spattered with blood here.
You climb downwards.
There is a stone staircase leading up, spattered with blood here.
Items here: ))) [[.
You hit the steam dragon but do no damage.
The steam dragon breathes steam at you. The ball of steam hits you!!!
The steam scalds you terribly!
Ouch! That really hurt!
You are too injured to fight recklessly!
You are too injured to fight recklessly!
You are too injured to fight recklessly!
You block the steam dragon's attack. The steam dragon misses you.
You barely miss the steam dragon. You squeeze the steam dragon!
The steam dragon is moderately wounded.
The steam dragon breathes steam at you. The ball of steam hits you!
The steam scalds you terribly!
* * * LOW HITPOINT WARNING * * *
You closely miss the steam dragon.
The steam dragon is moderately wounded.
You are engulfed in a cloud of scalding steam.
* * * LOW HITPOINT WARNING * * *
The steam dragon misses you. The steam dragon claws you.
* * * LOW HITPOINT WARNING * * *
The steam dragon breathes steam at you. The ball of steam hits you!!
The steam scalds you terribly!
You die...

.........#...# #.##.#
##.####........#...# #.##.#
...................###.##.#
..##.####.....#..........##.#
..........#.................#
#.#####.#..#..#..##.#######.#
#.##....#[.##)# #.#
..##.........###§#######.###
.............@§[).....>....#
#.######.#####D#######...#.#
#..####'#######.###.###
...^...........................
........#...............#.....#
#......................#.#.###
#...........##'#'#.......#.#
.........#.##.#.#.....###.#
.........#..#.#.#.....# #.#


You could see a steam dragon (catching breath).

Vanquished Creatures
  A water moccasin (D:6)
  Duvessa (D:6)
  2 ice beasts
  A sky beast (D:5)
  A necrophage (D:5)
  2 ogres
  A centaur (D:5)
  A phantom (D:5)
  Blork the orc (D:4)
  3 kobold brigands
  A water moccasin zombie (D:5)
  A scorpion (D:4)
  Dowan (D:6)
  A water moccasin skeleton (D:5)
  2 hounds
  2 jellies
  3 centaur zombies
  2 gnoll shamans
  2 centaur skeletons
  An orc priest (D:4)
  Ijyb (D:5)
  2 iguanas (D:5)
  2 orc wizards (D:4)
  A howler monkey zombie (D:5)
  6 adders
  11 gnolls
  2 shadow imps (D:5)
  A worm (D:5)
  8 orcs
  4 ball pythons
  6 endoplasms
  4 giant cockroaches
  4 goblins
  5 hobgoblins
  5 jackals
  7 quokkas
  2 bats
  2 frilled lizards
  A jackal skeleton (D:4)
  11 kobolds
  2 rats (D:1)
117 creatures vanquished.

Vanquished Creatures (others)
  11 plants (D:5)
11 creatures vanquished.

Grand Total: 128 creatures vanquished

Notes
Turn   | Place    | Note
-------+----------+-------------------------------------------
     0 | D:1      | GenialerGandalf the Octopode Fighter began the quest for
                  | the Orb.
     0 | D:1      | Reached XP level 1. HP: 16/16 MP: 1/1
    51 | D:1      | Found a faded altar of an unknown god.
   175 | D:1      | Reached XP level 2. HP: 12/21 MP: 2/2
  1239 | D:2      | Found a sparkling altar of Nemelex Xobeh.
  1291 | D:2      | Reached XP level 3. HP: 26/26 MP: 3/3
  1422 | D:2      | Reached skill level 1 in Stealth
  2342 | D:3      | Noticed an ice beast
  2355 | D:3      | HP: 1/26 [ice beast (6)]
  2490 | D:3      | Killed an ice beast
  2491 | D:3      | Reached skill level 3 in Polearms
  2491 | D:3      | Reached XP level 4. HP: 15/33 MP: 4/4
  2491 | D:3      | Reached XP level 5. HP: 17/37 MP: 5/5
  3122 | D:4      | Identified the +5 mace of Gehenna {vorpal, rC+}
  3354 | D:4      | Reached XP level 6. HP: 38/43 MP: 6/6
  3799 | D:4      | Found a sacrificial altar of Ru.
  3837 | D:4      | Reached skill level 4 in Polearms
  4090 | D:4      | Reached XP level 7. HP: 43/48 MP: 7/7
  4399 | D:4      | Noticed Blork the orc
  4405 | D:4      | Killed Blork the orc
  4406 | D:4      | Reached skill level 5 in Polearms
  4674 | D:5      | Entered Level 5 of the Dungeon
  4692 | D:5      | Found a burning altar of Makhleb.
  5295 | D:5      | Reached skill level 5 in Stealth
  5315 | D:5      | Found a hazy altar of Hepliaklqana.
  5484 | D:5      | Reached skill level 5 in Fighting
  5484 | D:5      | Reached XP level 8. HP: 44/55 MP: 8/8
  5580 | D:5      | Found a staircase to the Ecumenical Temple.
  5680 | Temple   | Entered the Ecumenical Temple
  6030 | D:5      | Reached skill level 6 in Polearms
  6069 | D:5      | Noticed Ijyb
  6074 | D:5      | Paralysed by Ijyb for 5 turns
  6081 | D:5      | Killed Ijyb
  7075 | D:6      | Reached skill level 5 in Dodging
  7075 | D:6      | Noticed Dowan
  7210 | D:6      | Noticed Duvessa
  8666 | D:6      | Killed Duvessa
  8667 | D:6      | Reached skill level 7 in Polearms
  8667 | D:6      | Reached XP level 9. HP: 31/62 MP: 9/9
  8948 | D:6      | Killed Dowan
  9766 | D:6      | Killed from afar by a steam dragon

Illustrated notes

Levels and vault maps discovered:
D:1:      ebering_trefoil_twist, layout_basic, chequers_ecumenical_altar_twisty
D:2:      layout_loops_ring, basic_altar, st_stairs_3
D:3:      layout_basic, grunt_decor_junction
D:4:      layout_basic, lemuel_crystal_altar, cheibrodos_gnoll_hut,
          uniq_blork_the_orc
D:5:      layout_basic, makhleb_grotto_becter, nicolae_hepliaklqana_hazy_memory,
          temple_hall, uniq_ijyb
D:6:      minmay_razor_zed, layout_basic, uniq_duvessa
Temple:   eino_temple_scatter_basement

Skill      XL: |  1  2  3  4  5  6  7  8  9 |
---------------+----------------------------+-----
Stealth        | 2 3 4 5 6 |  6.0
Polearms       | 3 4 5 7 |  7.3
Shields        | 4 |  4.0
Fighting       | 4 5 6 |  6.9
Dodging        | 4 5 6 |  6.1

Action                   |  1- 3 |  4- 6 |  7- 9 || total
-------------------------+-------+-------+-------++-------
Melee: Trident           |    71 |    50 |   287 ||   408
       Constrict         |    13 |    11 |    39 ||    63
       Tentacles         |     6 |    12 |    60 ||    78
  Use: Scroll            |     5 |     3 |     6 ||    14
       Potion            |     1 |       |     3 ||     4
 Stab: Sleeping          |    12 |     3 |    11 ||    26
Armor: Skin              |     3 |     3 |    15 ||    21
Dodge: Dodged            |    19 |    27 |   191 ||   237
Block: Buckler           |     3 |    11 |    76 ||    90

Table legend: (Time is in decaauts)
 A = Elapsed time spent in this place.
 B = Non-inter-level travel time spent in this place.
 C = Inter-level travel time spent in this place.
 D = Time resting spent in this place.
 E = Time spent auto-exploring this place.
 F = Levels seen in this place.
 G = Mean time per level.
                   A        B        C        D        E       F      G
               +--------+--------+--------+--------+--------+-----+--------+
         Total |   9802 |   9301 |    501 |   3207 |   4697 |   7 | 1400.3 |
       Dungeon |   9625 |   9124 |    501 |   3207 |   4562 |   6 | 1604.2 |
        Temple |    176 |    176 |      0 |      0 |    135 |   1 |  176.0 |
               +--------+--------+--------+--------+--------+-----+--------+

Top non-repeatable levels by time:
     D:5: 3905 daAuts
     D:3: 1933 daAuts
     D:4: 1278 daAuts
     D:1: 1197 daAuts
     D:6: 701 daAuts
     D:2: 609 daAuts
  Temple: 176 daAuts
